[Event "Early-Titled-Tuesday-Blitz-July-09-2024"]
[Site "Chess.com"]
[Date "2024.07.09"]
[Round "8"]
[White "GHANDEEVAM2003"]
[Black "Volodar_Murzin"]
[Result "0-1"]
[WhiteElo "3167"]
[BlackElo "3010"]
[TimeControl "180+1"]
[EndTime "9:31:17 PDT"]
[Termination "Volodar_Murzin won by resignation"]

1. e4 c6 2. d4 d5 3. Nc3 dxe4 4. Nxe4 Nf6 5. Nxf6+ exf6 6. c3 Bd6 7. Bd3 O-O 8.
Ne2 Re8 9. O-O Nd7 10. Ng3 Nf8 11. f4 Qc7 12. f5 Bxg3 13. hxg3 c5 14. Bf4 Qb6 15.
Qb3 Qxb3 16. axb3 cxd4 17. cxd4 Rd8 18. Be3 Nd7 19. Kf2 Nb6 20. Be4 Nd5 21. Bd2 b6 22. b4 Bb7 23. b5 Rd7 24. g4 Ne7 25. Bxb7 Rxb7 26. Ra4 Rd8 27. Rfa1 Rdd7 28. Kf3 h5 29.
Bf4 hxg4+ 30. Kxg4 g6 31. fxg6 fxg6 32. Kf3 Kf7 33.
g4 g5 34. Bg3 Kg6 35. Rc4 Rd5 36. Rb4 f5 37. Be5 fxg4+ 38. Kxg4 Nf5 39. Rc1 Nh6+ 40. Kf3 Nf7 41. Rc6+ Kh5 42. Ke4 Rbd7 43. Rb3 Nxe5 44. dxe5 Kg4 45. e6 Rd4+ 46. Ke3 R7d5 47. e7 Rd1 48.
Rc2 Re1+ 49. Kf2 Rxe7 50. Rg3+ Kf5 51. Rb3 Ree5 52. Rc7 Rxb5 53. Rf3+ Kg4 54. Rg3+ Kh5 55. b3 Rf5+ 56. Kg2 Ra5 57. Rg7 Ra2+ 58. Kh3 Rc5 59. Rd3 Rcc2 60. Rh7+ Kg6 61. Rb7 Rh2+ 62. Kg3 Rag2+ 63.
Kf3 Rh3+ 64. Kxg2 Rxd3 65. b4 Rb3 66. Rxa7 Rxb4 67. Kf3 Kf5 68. Rf7+ Kg6 69. Rb7 Rf4+ 70. Ke3 Rf6 71. Ke4 g4 72. Rb8 Kg5 73. Rh8 b5 74.
Ke5 g3 75. Ke4 g2 0-1

[Event "Early-Titled-Tuesday-Blitz-July-09-2024"]
[Site "Chess.com"]
[Date "2024.07.09"]
[Round "8"]
[White "EternalNight8"]
[Black "zsizsi99"]
[Result "1-0"]
[WhiteElo "2403"]
[BlackElo "2530"]
[TimeControl "180+1"]
[EndTime "9:31:18 PDT"]
[Termination "EternalNight8 won by checkmate"]

1. d4 Nf6 2. Bg5 d5 3. e3 c5 4. Bxf6 gxf6 5. dxc5 e6 6. c4 dxc4 7. Qxd8+ Kxd8 8. Bxc4 Bxc5 9. Ne2 Nd7 10. Nbc3 b6 11. O-O-O Ke7 12. Ne4 Bb7 13. Nxc5 Nxc5 14. f3 Rac8 15.
Kb1 Ne4 16. Bb5 Nf2 17. Rd7+ Kf8 18. Rf1 Ne4 19. fxe4 Bxe4+ 20. Bd3 Ke8 21. Rd4 Bxg2 22. Rxf6 Ke7 23. Rf2 Rhg8 24. Ng3 Bc6 25. Rdf4 Rg7 26. a4 f5 27. Rc4 Bd7 28. Rxc8 Bxc8 29. Rc2 Kd8 30.
Bb5 a6 31. Bd3 Rg4 32. b3 Rh4 33. Kb2 a5 34. Bb5 Bb7 35. Rd2+ Kc8 36. Bd7+ Kb8 37.
Bxe6 f4 38. exf4 Rxf4 39. Bc4 Rh4 40. Ka3 h6 41. Nf5 Rh5 42. Nd6 Bc6 43. Nb5 Rh3 44.
Rd6 Kb7 45. Nd4 Be4 46. Re6 Bg2 47. Rg6 Rxh2 48. Rxg2 Rxg2 49. Bd5+ Kc7 50. Bxg2 Kd6 51. Kb2 Kc5 52. Kc3 h5 53. Nb5 h4 54. Bh3 Kd5 55.
Nc7+ Kc6 56. Ne6 Kd5 57. Nd4 Kc5 58. Bg4 Kd5 59. Nf3 Kc5 60. Bd7 h3 61. Bxh3 b5 62. axb5 Kxb5 63. Nd4+ Kc5 64. Bf1 Kd5 65. Bb5 Kc5 66.
Ba4 Kd5 67. Nc2 Kc5 68. Kd3 Kd5 69. Ke3 Kc5 70. Ke4 Kb6 71. Kd5 Kb7 72. Kc5 Ka6 73. Kc6 Ka7 74. Kb5 Kb7 75. Kxa5 Ka7 76. b4 Kb7 77. b5 Ka7 78. b6+ Kb7 79. Nb4 Ka8 80.
Bc6+ Kb8 81. b7 Ka7 82. Be4 Kb8 83. Na6+ Ka7 84. b8=Q# 1-0

[Event "Early-Titled-Tuesday-Blitz-July-09-2024"]
[Site "Chess.com"]
[Date "2024.07.09"]
[Round "8"]
[White "MetiForce"]
[Black "VladimirKramnik"]
[Result "1-0"]
[WhiteElo "2863"]
[BlackElo "2978"]
[TimeControl "180+1"]
[EndTime "9:31:20 PDT"]
[Termination "MetiForce won on time"]

1. d4 Nf6 2. c4 e6 3. Nc3 Bb4 4. e3 O-O 5. Bd3 d5 6. cxd5 exd5 7. a3 Bd6 8. Qc2 Na6 9. b4 c6 10.
Nge2 Nc7 11. O-O Re8 12. f3 a5 13. Rb1 axb4 14. axb4 Ne6 15. h3 Bc7 16. Bd2 b6 17.
Nd1 Qd6 18. f4 c5 19. bxc5 bxc5 20. dxc5 Qxc5 21. Rc1 Bb6 22. Qb1 Qd6 23. Bb4 Qd8 24. Kh1 Bd7 25. Bc3 Rb8 26. Qa1 Nc5 27. Bc2 Ra8 28. Qb2 Rb8 29. Qa1 Bb5 30. Bxf6 Qxf6 31. Qxf6 gxf6 32. Rf2 Bxe2 33. Rxe2 d4 34. Bf5 Rbd8 35. Rb2 dxe3 36. Rxb6 e2 37. Nf2 e1=Q+ 38. Rxe1 Rxe1+ 39. Kh2 Kg7 40. Ng4 Ne6 41. Bxe6 Rxe6 42. Rb3 Rde8 43. Rg3 Kf8 44. Nh6 Re4 45. Rg8+ Ke7 46.
Rg7 Rxf4 47. Rxf7+ Ke6 48. Rxh7 Ra8 49. Rb7 Ra2 50.
Rb6+ Kd5 51. Kg3 Rff2 52. Ng4 Rxg2+ 53. Kf3 Rgd2 54. Nxf6+ Kc5 55. Re6 Rd3+ 56. Re3 Rxe3+ 57. Kxe3 Kd6 58. Kf4 Ke6 59. Ng4 Ra4+ 60. Kg3 Kf5 61. Ne3+ Kg5 62. Ng2 Ra3+ 63. Kh2 Rb3 64. Ne1 Kf4 65. Ng2+ Kf3 66. Nh4+ Kf2 67. Nf5 Rf3 68.
Nh6 Rf8 69. Ng4+ Kf3 70. Ne5+ Kf4 71. Ng6+ Kg5 72. Nxf8 Kh6 73. Nd7 Kh5 74. Nc5 1-0

[Event "Early-Titled-Tuesday-Blitz-July-09-2024"]
[Site "Chess.com"]
[Date "2024.07.09"]
[Round "8"]
[White "Brown_Bear_MGL"]
[Black "ilqar_74"]
[Result "1/2-1/2"]
[WhiteElo "2639"]
[BlackElo "2880"]
[TimeControl "180+1"]
[EndTime "9:31:40 PDT"]
[Termination "Game drawn by 50-move rule"]

1. b3 Nf6 2. Bb2 g6 3. Nf3 Bg7 4. e3 O-O 5. Be2 d5 6. c4 c5 7.
cxd5 Nxd5 8. Bxg7 Kxg7 9. Nc3 Nxc3 10. dxc3 Qxd1+ 11. Rxd1 Nc6 12. Bb5 Na5 13. Ke2 a6 14.
Bd7 Rd8 15. Bxc8 Raxc8 16. Ne5 b5 17. Rxd8 Rxd8 18. Rd1 Rxd1 19. Kxd1 f6 20. Nd7 Nb7 21. b4 cxb4 22. cxb4 Kf7 23. Nb8 a5 24. Nc6 axb4 25.
Nxb4 Ke6 26. Kd2 Kd6 27. Kc3 Nc5 28. f3 Na4+ 29. Kd4 e5+ 30. Kd3 f5 31. e4 Nc5+ 32.
Ke3 f4+ 33. Kd2 Ne6 34. Nd5 Kc5 35. Kc3 g5 36. h3 h6 37. Nf6 b4+ 38. Kd3 Nd8 39. Ng4 Nf7 40. Nf6 Kb5 41. Ng4 h5 42. Nf6 h4 43. Nd5 Nd8 44. Nc7+ Ka4 45. Kc2 Ka3 46.
Kb1 b3 47. axb3 Kxb3 48. Nd5 Ne6 49. Kc1 Nc5 50. Kd2 Kc4 51. Nf6 Nb3+ 52. Ke2 Nd4+ 53. Kd2 Nb3+ 54. Ke2 Nd4+ 55. Kd2 Kc5 56. Ng4 Kd6 57.
Kd3 Nc6 58. Nf6 Nd8 59. Nh7 Nf7 60. Nf6 Ke6 61. Nd5 Nd6 62. Nc3 Nb7 63. Nd5 Nc5+ 64. Ke2 Nb3 65. Kd3 Na5 66. Ke2 Nc4 67. Nc3 Ne3 68.
Kf2 Kd6 69. Nb5+ Kc6 70. Na7+ Kb6 71. Nc8+ Kc7 72. Ne7 Kd6 73. Ng6 Ke6 74. Nf8+ Ke7 75. Ng6+ Kf6 76. Nf8 Nd1+ 77. Ke1 Nc3 78. Nd7+ Ke6 79.
Nc5+ Kd6 80. Nd3 Na4 81. Nf2 Nc5 82. Ng4 Ke6 83. Ke2 Nb3 84. Ke1 Nd4 85. Kf2 Nc6 86. Kf1 Kd6 87. Kf2 Kc5 88. Ke2 Kc4 89. Kd2 Kd4 90. Nf6 Nd8 91. Nh7 Ne6 92. Nf6 Kc5 93. Ng4 Kd4 94. Nf6 Nf8 95. Ng4 Nd7 96. Nh6 Kc5 97.
Ng4 Kc4 1/2-1/2

[Event "Early-Titled-Tuesday-Blitz-July-09-2024"]
[Site "Chess.com"]
[Date "2024.07.09"]
[Round "8"]
[White "slidingknight2775"]
[Black "Dedic8"]
[Result "1/2-1/2"]
[WhiteElo "2773"]
[BlackElo "2960"]
[TimeControl "180+1"]
[EndTime "9:31:52 PDT"]
[Termination "Game drawn by repetition"]

1. c4 Nf6 2. Nf3 e6 3. e3 d5 4. b3 Be7 5. Bb2 O-O 6. Nc3 b6 7. cxd5 exd5 8. d4 c5 9. Rc1 Bg4 10. Be2 Nbd7 11. O-O Rc8 12. dxc5 Nxc5 13. h3 Bh5 14. Nb5 a6 15. Nbd4 b5 16. Nf5 Bg6 17. Nxe7+ Qxe7 18. Nd4 b4 19. a3 a5 20. axb4 axb4 21.
Nb5 Rfd8 22. Bd4 Ne6 23. Rxc8 Rxc8 24. Bxf6 Qxf6 25. Qxd5 h6 26. Bc4 Rc5 27. Qa8+ Kh7 28. f4 Qb2 29. Qf3 Qc2 30. Nd6 Qd2 31. Ne4 Bxe4 32.
Qxe4+ Kh8 33. Bxe6 fxe6 34. Qxe6 Rc3 35. Qe8+ Kh7 36.
Qe4+ Kh8 37. Qxb4 Qxe3+ 38. Kh1 Rxb3 39. Qf8+ Kh7 40. Qf5+ Kh8 41. Rd1 Rb8 42. Qg4 Qe7 43. Qf3 Qf6 44. Rf1 Re8 45. f5 Rd8 46. Qf4 Re8 47.
Qf3 Rf8 48. Qd3 Rd8 49. Qf3 Rf8 50. Qg4 Rd8 51. Qg6 Qxg6 52. fxg6 Kg8 53. Ra1 Kf8 54.
Ra6 Rd7 55. Kh2 Ke7 56. h4 h5 57. Ra5 Kf6 58. Rxh5 Kxg6 59. Rg5+ Kf6 60. Ra5 Rd3 61. g3 Rd4 62. Kh3 Kf7 63. Ra6 Kg8 64. h5 Kh7 65. g4 Rd5 66. Kh4 Rc5 67. Rb6 Rd5 68. Rc6 Ra5 69. Rc7 Rb5 70. Rc6 Ra5 71. Rg6 Rb5 72. Rg5 Rb1 73. Ra5 Rb4 74. Kg5 Rc4 75.
Ra7 Rc5+ 76. Kf4 Rc4+ 77. Kg5 Rc5+ 78. Kh4 Rc4 79. Ra6 Rb4 80. Rd6 Ra4 81. Re6 Rb4 82. Kg3 Ra4 83. Kf3 Rb4 84. Re4 Rb5 85. Kf4 Ra5 86.
Re5 Ra1 87. Kf5 Rf1+ 88. Kg5 Ra1 89. Rc5 Rb1 90. Ra5 Rf1 91. Kh4 Rh1+ 92. Kg3 Rf1 93. g5 Rh1 94. Kg4 Rg1+ 95. Kh4 Rh1+ 96. Kg4 Rg1+ 97.
Kf5 Rf1+ 98. Kg4 Rg1+ 1/2-1/2

[Event "Early-Titled-Tuesday-Blitz-July-09-2024"]
[Site "Chess.com"]
[Date "2024.07.09"]
[Round "8"]
[White "Yaacovn"]
[Black "Oleksandr_Bortnyk"]
[Result "1/2-1/2"]
[WhiteElo "2801"]
[BlackElo "3057"]
[TimeControl "180+1"]
[EndTime "9:31:53 PDT"]
[Termination "Game drawn by repetition"]

1. d4 Nf6 2. e3 b6 3. f4 Bb7 4. Nf3 d6 5. Bd3 Nbd7 6. O-O h6 7. Nc3 g5 8. e4 g4 9. Nh4 e5 10. Nf5 exd4 11. Nxd4 Nc5 12. Bb5+ Nfd7 13. Qxg4 Qf6 14. e5 dxe5 15. fxe5 Qxe5 16. Nc6 Qe6 17. Qxe6+ Nxe6 18. Ne5 c6 19. Bxc6 Bxc6 20. Nxc6 Bc5+ 21. Kh1 O-O 22. Nd5 Kg7 23. b4 Bd6 24. Bb2+ Kh7 25. c4 a6 26. a4 Nc7 27. Rad1 Ne8 28. Rfe1 Rg8 29. g3 Rg4 30.
Ne3 Re4 31. Nf5 Rxe1+ 32. Rxe1 Bf8 33. Kg2 b5 34. cxb5 axb5 35. a5 Nef6 36. Bxf6 Nxf6 37. Nfd4 Nd5 38. Nxb5 Nxb4 39. Nxb4 Rxa5 40. Nd5 Rxb5 41. Nf6+ Kg6 42. Ne4 Re5 43. Re2 Bb4 44. Kf3 Rf5+ 45. Kg2 Re5 46. Kf3 Ra5 47. Nf2 Ra3+ 48. Kg2 Bc5 49. Ne4 Bd4 50. Rd2 Be5 51. Re2 Ra1 52. Nf2 Bd4 53. Ng4 Rg1+ 54. Kh3 f6 55. Nf2 h5 56.
Nd3 Rf1 57. Nf4+ Kh6 58. Re8 Be5 59. Rh8+ Kg7 60. Rxh5 Bxf4 61. Rf5 Ra1 62. Rxf4 Kg6 63. Kg4 Ra5 64. h4 Rb5 65. Rc4 Ra5 66. Rd4 Rb5 67. Ra4 Rc5 68. Ra8 Rc4+ 69. Kh3 Rb4 70. Rg8+ Kf7 71. Rg4 Rb5 72. Rf4 Kg6 73. Rf3 Ra5 74.
g4 Rb5 75. Kg3 Rb1 76. h5+ Kg7 77. Rd3 Rg1+ 78. Kh3 Rh1+ 79. Kg2 Rb1 80. Rd6 Rb3 81. Rd5 Ra3 82. Rf5 Rb3 83. Rf3 Rb4 84. Kg3 Ra4 85. Rb3 Rc4 86. Rb7+ Kg8 87. Rd7 Ra4 88. h6 Ra1 89. h7+ Kh8 90. Rf7 Ra5 91. Kh4 Rb5 92. Kh3 Rc5 93. Kg3 Rb5 94. Kf4 Ra5 95. Re7 Rb5 96. Rd7 Ra5 97. Rf7 Rc5 98.
Kg3 Rb5 99. Kh4 Ra5 100. Re7 Rb5 101. Rc7 Ra5 102. Rd7 Rc5 103. Rf7 Rb5 104. Kg3 Ra5 105. Kf4 Rb5 106. Rxf6 Kxh7 107. Rf5 Rb6 108. Kg5 Kg7 109. Rd5 Rg6+ 110. Kh5 Rh6+ 111. Kg5 Rg6+ 112. Kh4 Rh6+ 113. Rh5 Ra6 114. Rg5+ Kh7 115. Rh5+ Kg7 116. Rc5 Rh6+ 117. Kg3 Ra6 118. Rc7+ Kg6 119. Rc3 Kg5 120. Rc5+ Kg6 121. Kh4 Kg7 122. Rd5 Rh6+ 123. Kg5 Rg6+ 1/2-1/2

[Event "Early-Titled-Tuesday-Blitz-July-09-2024"]
[Site "Chess.com"]
[Date "2024.07.09"]
[Round "8"]
[White "Feegus"]
[Black "banjadvorovi"]
[Result "0-1"]
[WhiteElo "2597"]
[BlackElo "2446"]
[TimeControl "180+1"]
[EndTime "9:32:04 PDT"]
[Termination "banjadvorovi won by checkmate"]

1. d4 Nf6 2. c4 e6 3. Nf3 d5 4. g3 g6 5. Bg2 Bg7 6. O-O O-O 7. Qc2 c6 8. Rd1 b6 9. Bf4 Ba6 10.
Nbd2 Nbd7 11. Rac1 c5 12. e4 dxe4 13. Nxe4 Nxe4 14.
Qxe4 Rc8 15. b3 Qe7 16. h4 Rfd8 17. Bg5 f6 18. Be3 cxd4 19. Nxd4 Nc5 20. Qf3 Bb7 21. Qe2 Bxg2 22. Kxg2 e5 23. Nb5 f5 24. Bxc5 bxc5 25.
Nc3 e4 26. Nd5 Qf7 27. f3 Re8 28. Re1 Bd4 29. fxe4 Rxe4 30. Qf3 Rce8 31. Qf1 Qe6 32. Rxe4 Qxe4+ 33. Qf3 Qe2+ 34. Qxe2 Rxe2+ 35. Kh3 Rxa2 36. Re1 Rb2 37. Re8+ Kg7 38. Rb8 a5 39. Rb7+ Kf8 40. Rb5 Ra2 41. g4 Ra3 42. gxf5 a4 43. Kg4 Rxb3 44. Ra5 gxf5+ 45. Kxf5 Rf3+ 46. Ke6 a3 47. h5 Kg7 48. Ne7 Kh6 49. Nf5+ Kxh5 50. Nxd4 Re3+ 51. Kf7 Kg4 52. Ne6 h5 53. Nxc5 h4 54. Ne6 h3 55. Rg5+ Kf3 56. Rh5 Kg4 57. Rg5+ Kh4 58. Rg8 a2 59. Rh8+ Kg3 60. Ra8 h2 61. Rxa2 h1=Q 62.
c5 Qd5 63. Ra6 Rf3+ 64. Ke7 Re3 65. Rd6 Qxc5 66. Kd7 Qe5 67. Nc7 Re4 68. Kc6 Rd4 69. Rxd4 Qxd4 70. Nd5 Qc4+ 71. Kd6 Kh2 72. Ke5 Qf1 73.
Kd4 Kg3 74. Ne3 Qe2 75. Nd5 Kf3 76. Kc5 Ke4 77. Nf6+ Kf5 78. Nd5 Ke5 79. Nb6 Qc2+ 80. Kb5 Kd6 81. Nc4+ Kc7 82. Kb4 Qb1+ 83. Kc3 Kc6 84.
Kd4 Qd1+ 85. Kc3 Qh1 86. Kb4 Kd5 87. Nb6+ Kc6 88. Nc4 Qe4 89. Kc3 Kc5 90. Nd2 Qe3+ 91.
Kc2 Kb4 92. Nb1 Qe2+ 93. Kc1 Kb3 94. Nd2+ Kc3 95. Nb1+ Kd3 96. Na3 Qa2 97. Nb1 Qc2# 0-1

[Event "Early-Titled-Tuesday-Blitz-July-09-2024"]
[Site "Chess.com"]
[Date "2024.07.09"]
[Round "8"]
[White "GilbertoHernandezAmura"]
[Black "nindjaxx8"]
[Result "0-1"]
[WhiteElo "2514"]
[BlackElo "2702"]
[TimeControl "180+1"]
[EndTime "9:32:11 PDT"]
[Termination "nindjaxx8 won by resignation"]

1. e4 e6 2. d3 d5 3. Qe2 dxe4 4. dxe4 c5 5. Nd2 Nc6 6. c3 Nf6 7. Ngf3 Be7 8. e5 Nd7 9. a4 Qc7 10. Nc4 b6 11. Bf4 O-O 12. g3 Ba6 13. Bg2 Na5 14.
Nfd2 Rad8 15. h4 Nxc4 16. Nxc4 Bxc4 17. Qxc4 Nxe5 18. Qe4 Bd6 19. O-O Ng6 20. Bg5 Be7 21. Be3 Bf6 22. a5 Ne7 23. Bf4 Qd7 24. axb6 axb6 25.
h5 h6 26. Bf3 Qb5 27. Ra2 Nf5 28. Qa4 Qd3 29. Qe4 Qd7 30. Be5 Bxe5 31. Qxe5 Qd3 32. Be4 Qe2 33. Qf4 Rd1 34. Rxd1 Qxd1+ 35. Kg2 Qxh5 36.
Bxf5 exf5 37. Qd6 Re8 38. Qd2 Re2 39. Qf4 Re1 40. Qh4 Qxh4 41. gxh4 Re2 42. Kf3 Rc2 43. h5 g5 44. Ke3 Kg7 45. f3 g4 46. fxg4 fxg4 47. Kf4 Rg2 48. Ra6 Rxb2 49. Kxg4 Rb3 50. c4 Rb4 51. Kf5 Rxc4 52. Rxb6 Rh4 53. Rc6 Rxh5+ 54. Kg4 Rg5+ 55. Kf4 Rd5 56. Ke4 Rg5 57. Kf4 f6 58. Rd6 h5 59. Rc6 h4 60. Rc7+ Kg6 61. Rc8 Rh5 62. Kg4 Rg5+ 63. Kxh4 Kf7 64. Rc6 Ke7 65.
Kh3 Kf7 66. Kh4 Kg6 67. Kh3 Rd5 68. Kg4 Rd4+ 69. Kf3 c4 70. Ke3 Rh4 71. Kf3 Kg5 72. Kg3 f5 73. Rc5 Rd4 74. Kf3 Re4 75. Kg3 Re3+ 76.
Kf2 Rc3 77. Ke2 Kg4 78. Kd2 Rd3+ 79. Ke2 Rd4 80. Ke3 Re4+ 81. Kf2 Kf4 82. Rc8 Rd4 83.
Rc5 Rd2+ 84. Ke1 Rd4 85. Ke2 Ke4 86. Kf2 Rd2+ 87. Ke1 Rd4 88. Ke2 f4 89. Rc8 f3+ 90. Kf2 Rd2+ 91. Ke1 Rc2 92. Re8+ Kd3 93. Rd8+ Ke3 94. Re8+ Kd4 95. Rf8 f2+ 96. Kf1 Kc3 97. Rd8 Rd2 98. Rc8 Kb3 99. Rb8+ Kc2 100. Rc8 c3 101.
Rb8 Kc1 102. Rc8 c2 103. Rc7 Kd1 0-1

[Event "Early-Titled-Tuesday-Blitz-July-09-2024"]
[Site "Chess.com"]
[Date "2024.07.09"]
[Round "8"]
[White "VaglioSagan"]
[Black "karinachess1"]
[Result "1/2-1/2"]
[WhiteElo "2512"]
[BlackElo "2669"]
[TimeControl "180+1"]
[EndTime "9:32:17 PDT"]
[Termination "Game drawn - insufficient material"]

1. d4 Nf6 2. c4 e6 3. Nf3 d5 4. Nc3 Bb4 5. cxd5 exd5 6. Bg5 h6 7. Bh4 g5 8. Bg3 Ne4 9. Nd2 Nxg3 10. hxg3 Nc6 11. a3 Be7 12. e3 Be6 13. Bb5 Qd7 14. Nf3 f6 15. Qa4 Kf7 16. Rd1 a6 17. Bd3 b5 18. Qc2 Na5 19. e4 c6 20. O-O h5 21.
Rfe1 Bg4 22. e5 Nc4 23. exf6 Bxf6 24. Ne5+ Bxe5 25. dxe5 Bxd1 26. Qxd1 Kg7 27. Bxc4 bxc4 28.
Ne4 Qe7 29. Nd6 Raf8 30. Qc2 Qe6 31. b3 h4 32. gxh4 Rxh4 33. bxc4 dxc4 34. Qd2 Qh6 35. f3 Rh1+ 36. Kf2 Qh4+ 37. Ke2 Qxe1+ 38. Qxe1 Rxe1+ 39. Kxe1 c3 40. Kd1 Rb8 41. Kc2 Rb2+ 42. Kxc3 Rxg2 43.
Ne4 Kf7 44. Kd4 Ke7 45. Nc5 Rd2+ 46. Ke4 Ra2 47. Nxa6 Rxa3 48. Nb8 Rc3 49. Kf5 Rxf3+ 50. Kxg5 c5 51. Nc6+ Ke6 52. Kg4 Rf1 53. Kg3 c4 54. Kg2 Rf8 55. Na5 c3 56. Nb3 c2 57. Nd4+ Kxe5 58.
Nxc2 Ke4 59. Ne1 Ke3 60. Nc2+ Kd3 61. Nb4+ Kc4 62. Nc2 Kd3 63. Nb4+ Ke4 64. Nc2 Rf7 65. Ne1 Ke3 66. Nc2+ Kd2 67. Nb4 Rf5 68. Nc6 Kd3 69.
Nb4+ Kc3 70. Nc6 Kc4 71. Kg3 Rc5 72. Ne7 Kd4 73. Kf4 Kd3 74. Nf5 Rc1 75. Kg4 Rg1+ 76.
Kf3 Rf1+ 77. Kg4 Rg1+ 78. Kf3 Rg8 79. Kf4 Rf8 80. Ke5 Kc4 81. Nd6+ Kc5 82. Ne4+ Kb5 83.
Nd6+ Kc6 84. Ne4 Re8+ 85. Kd4 Re6 86. Nc5 Rh6 87. Ne4 Rh5 88. Kd3 Kb5 89. Kd4 Rh4 90. Kd5 Rh5+ 91. Kd4 Kc6 92. Nf6 Rf5 93. Ne4 Rd5+ 94. Ke3 Ra5 95. Kd4 Kd7 96. Nc5+ Kd6 97. Ne4+ Kc6 98. Kd3 Kd5 99. Nc3+ Ke5 100. Kc4 Ra8 101. Kd3 Rc8 102. Ne2 Rd8+ 103. Ke3 Re8 104. Kd3 Kd5 105.
Nc3+ Kc5 106. Ne4+ Kd5 107. Nf6+ Ke5 108. Nxe8 1/2-1/2

[Event "Early-Titled-Tuesday-Blitz-July-09-2024"]
[Site "Chess.com"]
[Date "2024.07.09"]
[Round "9"]
[White "FollowRivers"]
[Black "AlexandraSamaganova"]
[Result "0-1"]
[WhiteElo "2494"]
[BlackElo "2377"]
[TimeControl "180+1"]
[EndTime "9:41:01 PDT"]
[Termination "AlexandraSamaganova won by resignation"]

1. e4 e6 2. d4 d5 3. exd5 exd5 4. Bd3 Nc6 5. c3 Bd6 6. Qf3 Nge7 7. Ne2 O-O 8. Ng3 Be6 9. Be3 Qd7 10. Nd2 Bg4 0-1

[Event "Early-Titled-Tuesday-Blitz-July-09-2024"]
[Site "Chess.com"]
[Date "2024.07.09"]
[Round "9"]
[White "Smiechu"]
[Black "kripri"]
[Result "1-0"]
[WhiteElo "2441"]
[BlackElo "2315"]
[TimeControl "180+1"]
[EndTime "9:41:16 PDT"]
[Termination "Smiechu won by checkmate"]

1. e4 c6 2. d4 d5 3. f3 dxe4 4.
fxe4 e5 5. Nf3 Bg4 6. Bc4 Nd7 7. O-O Ngf6 8. dxe5 Qb6+ 9. Kh1 Nxe5 10. Be2 Nxf3 11. Bxf3 Bxf3 12. Qxf3 Qc7 13. e5 Qxe5 14. Bf4 Qe6 15.
Nc3 O-O-O 16. Rfe1 Qg4 17. Qf2 b6 18. a4 Bc5 19.
Qf1 h5 20. Qa6+ Kd7 21. Qb7# 1-0

[Event "Early-Titled-Tuesday-Blitz-July-09-2024"]
[Site "Chess.com"]
[Date "2024.07.09"]
[Round "9"]
[White "GAO"]
[Black "simonachess"]
[Result "1-0"]
[WhiteElo "2444"]
[BlackElo "2315"]
[TimeControl "180+1"]
[EndTime "9:41:20 PDT"]
[Termination "GAO won by resignation"]

1. e4 c5 2. Nf3 Nc6 3. Bb5 g6 4. O-O Bg7 5. Re1 e5 6. c3 Nge7 7. d4 cxd4 8. cxd4 exd4 9. Bf4 O-O 10. Bd6 Re8 11. Nbd2 a6 12. Bc4 b5 13. Bxf7+ Kh8 14. Bxe8 Qxe8 15. Nb3 Bb7 16. Nbxd4 Nxd4 17. Nxd4 Qf7 18.
Bxe7 Qxe7 19. Qd3 Rf8 20. Rad1 Qf7 21. Re2 Qxa2 22. Nb3 Qa4 23. Nc5 1-0

[Event "Early-Titled-Tuesday-Blitz-July-09-2024"]
[Site "Chess.com"]
[Date "2024.07.09"]
[Round "9"]
[White "JanMur7"]
[Black "marvinguevara"]
[Result "1-0"]
[WhiteElo "2285"]
[BlackElo "2039"]
[TimeControl "180+1"]
[EndTime "9:41:26 PDT"]
[Termination "JanMur7 won by resignation"]

1. c4 e6 2. Nc3 d5 3. d4 c5 4. Nf3 Nc6 5. cxd5 exd5 6. g3 Nf6 7. Bg2 c4 8. O-O Be7 9. Ne5 Be6 10. Nxc6 bxc6 11. e4 O-O 12. e5 Nd7 13. f4 g6 14.
g4 Nb6 15. f5 Bd7 16. f6 Bb4 17. a3 Ba5 18. Qd2 Na4 19. Qh6 1-0

[Event "Early-Titled-Tuesday-Blitz-July-09-2024"]
[Site "Chess.com"]
[Date "2024.07.09"]
[Round "9"]
[White "Timerkhanov"]
[Black "kuzol"]
[Result "1-0"]
[WhiteElo "2671"]
[BlackElo "2511"]
[TimeControl "180+1"]
[EndTime "9:42:05 PDT"]
[Termination "Timerkhanov won by resignation"]

1. d4 Nf6 2. Bg5 Ne4 3. h4 c5 4. d5 Qb6 5. Nd2 Nxg5 6. hxg5 Qxb2 7. g6 fxg6 8. e3 d6 9. Bd3 Bf5 10. Rb1 Qxa2 11. e4 Bc8 12. Nc4 Nd7 13. Ra1 Qxa1 14. Qxa1 b5 15. Na5 c4 16. Be2 Nc5 17. Bf3 Bd7 18.
Ne2 a6 19. Nf4 Kf7 20. e5 dxe5 21. Qxe5 Rc8 22. Nxg6 Kxg6 23. Bh5+ Kh6 24. Be8+ 1-0

[Event "Early-Titled-Tuesday-Blitz-July-09-2024"]
[Site "Chess.com"]
[Date "2024.07.09"]
[Round "9"]
[White "JunjiCol"]
[Black "JueIes"]
[Result "1-0"]
[WhiteElo "2385"]
[BlackElo "2533"]
[TimeControl "180+1"]
[EndTime "9:42:09 PDT"]
[Termination "JunjiCol won by resignation"]

1. e4 c6 2. d4 d5 3. e5 Bf5 4. Nf3 e6 5. Be2 Nd7 6. Be3 Ne7 7. O-O h6 8. c4 dxc4 9. Bxc4 Nb6 10. Bb3 Ned5 11.
Nc3 Be7 12. Rc1 O-O 13. Qd2 Nxe3 14. fxe3 Bg6 15. Ne2 a5 16. Nf4 Bf5 17. Nd3 a4 18.
Bd1 Be4 19. Nc5 Bxc5 20. Rxc5 Nd5 21. Bc2 Bxc2 22. Rxc2 Qb6 23. a3 Ne7 24. Qd3 Rfd8 25. Rfc1 Rd7 26. Nd2 Nf5 27. Nc4 Qb5 28. Qc3 Qd5 29.
Nb6 1-0

[Event "Early-Titled-Tuesday-Blitz-July-09-2024"]
[Site "Chess.com"]
[Date "2024.07.09"]
[Round "9"]
[White "Vision_64"]
[Black "wannabe2700"]
[Result "0-1"]
[WhiteElo "2342"]
[BlackElo "2547"]
[TimeControl "180+1"]
[EndTime "9:42:25 PDT"]
[Termination "wannabe2700 won by resignation"]

1. e4 Nc6 2. Nc3 e5 3. Nf3 Bb4 4. Bc4 Nge7 5. O-O O-O 6. Nd5 d6 7. c3 Ba5 8. d4 Ng6 9. Bg5 Nce7 10. b4 Bb6 11. Nxe7+ Nxe7 12. dxe5 h6 13. Bh4 Bg4 14. exd6 cxd6 15. h3 Bh5 16. g4 Bg6 17. Nd4 Rc8 18. Qe2 Qc7 19. Bd3 Rfe8 20. Bb5 Nc6 21. Nxc6 bxc6 22.
Bd3 d5 23. Bg3 Qxg3+ 0-1

[Event "Early-Titled-Tuesday-Blitz-July-09-2024"]
[Site "Chess.com"]
[Date "2024.07.09"]
[Round "9"]
[White "Millerkallpa"]
[Black "adreyd"]
[Result "0-1"]
[WhiteElo "2246"]
[BlackElo "2406"]
[TimeControl "180+1"]
[EndTime "9:42:43 PDT"]
[Termination "adreyd won by checkmate"]

1. e4 c5 2. Nf3 e6 3. c3 Nf6 4.
e5 Nd5 5. d4 cxd4 6. cxd4 d6 7.
Nc3 dxe5 8. Nxe5 Nxc3 9. bxc3 Nd7 10. Nxd7 Bxd7 11. Bd3 Bd6 12. O-O O-O 13. Qh5 f5 14. Re1 Qc7 15. Bd2 Rf6 16. h3 Rg6 17. Rab1 Bc6 18.
g4 Bf4 19. Be3 Rh6 20. Qxh6 gxh6 21. Bxf4 Qxf4 22. Rxe6 Qf3 23. Bc4 Qg2# 0-1

[Event "Early-Titled-Tuesday-Blitz-July-09-2024"]
[Site "Chess.com"]
[Date "2024.07.09"]
[Round "9"]
[White "MrMatesM"]
[Black "ShahMatKanal"]
[Result "0-1"]
[WhiteElo "2685"]
[BlackElo "2573"]
[TimeControl "180+1"]
[EndTime "9:42:44 PDT"]
[Termination "ShahMatKanal won by resignation"]

1. Nf3 Nf6 2. g3 g6 3. Bg2 Bg7 4. O-O O-O 5. d3 d6 6. e4 c5 7. Re1 Nc6 8. c3 Rb8 9. h3 b5 10. d4 cxd4 11. cxd4 Nd7 12. Be3 Nb6 13. Nbd2 d5 14.
b3 dxe4 15. Nxe4 Nd5 16. Rc1 Rb6 17. Nc5 Nxe3 18. fxe3 Nb4 19. Qd2 Nd5 20. e4 Nc7 21. e5 Ne6 22. Qf2 b4 23. Red1 Bh6 24. Rc4 Nc7 25.
Nd2 Nd5 26. Nde4 Be3 0-1

[Event "Early-Titled-Tuesday-Blitz-July-09-2024"]
[Site "Chess.com"]
[Date "2024.07.09"]
[Round "9"]
[White "Kyrko_Gamba"]
[Black "Boudicca64"]
[Result "1-0"]
[WhiteElo "2524"]
[BlackElo "1936"]
[TimeControl "180+1"]
[EndTime "9:42:44 PDT"]
[Termination "Kyrko_Gamba won by checkmate"]

1. Nf3 Nf6 2. g3 g6 3. Bg2 Bg7 4. O-O O-O 5. c4 d6 6. Nc3 c5 7. b3 Nc6 8. Bb2 a6 9. e3 Rb8 10. Nd5 Nxd5 11. Bxg7 Nxe3 12. fxe3 Kxg7 13. d4 Bd7 14.
Kh1 b5 15. dxc5 dxc5 16. Qd5 bxc4 17. Qxc4 Qb6 18. Ng5 Na5 19. Rxf7+ Rxf7 20. Qxf7+ Kh6 21. Qxh7+ Kxg5 22. Qh4+ Kf5 23. Bh3+ Ke5 24. Qf4+ Kd5 25. Rd1+ Kc6 26. Bg2+ Kb5 27. a4# 1-0

[Event "Early-Titled-Tuesday-Blitz-July-09-2024"]
[Site "Chess.com"]
[Date "2024.07.09"]
[Round "9"]
[White "lu1860"]
[Black "Defenstrator"]
[Result "1-0"]
[WhiteElo "2097"]
[BlackElo "2394"]
[TimeControl "180+1"]
[EndTime "9:42:45 PDT"]
[Termination "lu1860 won by resignation"]

1. d4 Na6 2. c4 c5 3. d5 e6 4.
Nc3 Nf6 5. Nf3 exd5 6. cxd5 d6 7. Bf4 Be7 8. h3 O-O 9. e3 Nc7 10. a4 b6 11. Be2 a6 12. O-O Rb8 13. e4 b5 14. e5 Nfe8 15. exd6 Bxd6 16. Bxd6 Nxd6 17. Ne5 Bb7 18. axb5 axb5 19. Bf3 b4 20. Na4 Nf5 21. Nxc5 Bxd5 22. Bxd5 Qxd5 23. Qxd5 Nxd5 24. Ncd7 f6 25. Nxf8 Rxf8 26. Nc6 Rc8 27. Rac1 Rc7 28. Rfd1 Rd7 29. g4 Nh4 30. Rxd5 Nf3+ 31. Kh1 Rc7 32. Rd8+ Kf7 33. Ne5+ 1-0